[Event "Titled Tuesday Blitz November 08 Early 2022"]
[White "Gholami Orimi, Mahdi"]
[Black "Gilmanov, Mansur"]
[WhiteFideId "12558486"]
[BlackFideId "4166868"]
[WhiteElo "2330"]
[BlackElo "2377"]
[Result "1-0"]
[Round "03"]
[TimeControl "180+1"]
[Date "2022.11.09"]
[WhiteClock "0:00:20"]
[BlackClock "0:00:03"]

1. d4 d5 2. Nf3 e6 3. Bf4 f5 4. e3 Nf6 5. Bd3 Bd6 6. Nc3 O-O 7. O-O c6 8. Ne2 Ne4 9. h3 b6 10. c3 Ba6 11. a4 Bxd3 12. Qxd3 Qe7 13. a5 Nd7 14. Qa6 Bxf4 15. Nxf4 g5 16. Nd3 g4 17. Nfe5 gxh3 18. gxh3 Nxe5 19. dxe5 Kh8 20. Kh2 Rg8 21. Nf4 Nd2 22. axb6 axb6 23. Qe2 Nxf1+ 24. Rxf1 Qg7 25. Qh5 Qxe5 26. Qf7 Rae8 27. Ra1 Qg7 28. Qxg7+ Rxg7 29. Nd3 e5 30. Nb4 Rc7 31. Ra6 Rb8 32. Kg3 Kg7 33. Kh4 Kf6 34. Ra1 Ke6 35. Rg1 c5 36. Nd3 c4 37. Nb4 Rd7 38. Re1 Rg8 39. f4 e4 40. Nc2 Rd6 41. Nd4+ Kf6 42. Ra1 Kf7 43. Ra7+ Ke8 44. Kh5 Rd8 45. Nxf5 Kf8 46. Rxh7 Rc8 47. Nd4 Rc7 48. Ne6+ 1-0


[Site "https://www.chess.com"]

[Event "Titled Tuesday Blitz November 08 Early 2022"]
[White "Gireman, Ja"]
[Black "Dubov, Daniil"]
[WhiteFideId "5043794"]
[BlackFideId "24126055"]
[WhiteElo "2153"]
[BlackElo "2791"]
[Result "0-1"]
[Round "03"]
[TimeControl "180+1"]
[Date "2022.11.09"]
[WhiteClock "0:00:05"]
[BlackClock "0:00:12"]

1. e4 e5 2. Nf3 Nc6 3. Bc4 Nf6 4. d4 exd4 5. O-O Nxe4 6. Re1 d5 7. Bxd5 Qxd5 8. Nc3 Qd7 9. Nxe4 Be7 10. Bg5 O-O 11. Bxe7 Qxe7 12. Nxd4 Nxd4 13. Qxd4 Bf5 14. Ng3 Be6 15. Nh5 Qg5 16. Re5 Qh6 17. h4 Rad8 18. Qc3 Rd5 19. Rae1 Rxe5 20. Rxe5 Kh8 21. Qxc7 Qc1+ 22. Kh2 Qxb2 23. Rg5 Rc8 24. Qg3 g6 25. Nf4 Bxa2 26. h5 Rc6 27. hxg6 hxg6 28. Qh4+ Kg8 29. Rg3 Qh8 30. Qxh8+ Kxh8 31. Ra3 Ra6 32. Rxa6 bxa6 33. Nd3 Bb1 34. Nc5 Bxc2 35. Nxa6 Kg7 36. Kg3 Kf6 37. f3 Ke5 38. Kf2 Kd4 39. Nc7 Bd3 40. Ne8 a5 41. Nd6 a4 0-1


[Site "https://www.chess.com"]

[Event "Titled Tuesday Blitz November 08 Early 2022"]
[White "Goltsev, Dmitry"]
[Black "Chigaev, Maksim"]
[WhiteFideId "24176710"]
[BlackFideId "4108116"]
[WhiteElo "2289"]
[BlackElo "2541"]
[Result "0-1"]
[Round "03"]
[TimeControl "180+1"]
[Date "2022.11.08"]
[WhiteClock "0:00:05"]
[BlackClock "0:00:40"]

1. e4 c5 2. Nf3 e6 3. d4 cxd4 4. Nxd4 Nf6 5. Nc3 Nc6 6. Be2 Be7 7. O-O Qc7 8. Qd3 a6 9. Rd1 O-O 10. a3 b5 11. Bg5 Bb7 12. Qg3 Qxg3 13. hxg3 h6 14. Be3 Nxd4 15. Bxd4 Nxe4 16. Nxe4 Bxe4 17. c4 Bc6 18. b4 f5 19. Be5 Kf7 20. Rd2 Bf6 21. f4 Bxe5 22. fxe5 Ke7 23. Rad1 Ra7 24. Rd4 Rb8 25. Kh2 a5 26. bxa5 bxc4 27. Rxc4 Rb2 28. Bf1 Rxa5 29. g4 Rxe5 30. gxf5 Rxf5 31. Rg4 g5 32. Rg3 h5 33. Bd3 h4 34. Rg4 Rd5 35. a4 Ra2 36. Bc4 Rxg2+ 37. Rxg2 Rxd1 38. Rxg5 Rh1# 0-1


[Site "https://www.chess.com"]

[Event "Titled Tuesday Blitz November 08 Early 2022"]
[White "Goltseva, Ekaterina"]
[Black "Rosh Jain"]
[WhiteFideId "24173770"]
[BlackFideId "25789465"]
[WhiteElo "2200"]
[BlackElo "2233"]
[Result "1/2-1/2"]
[Round "03"]
[TimeControl "180+1"]
[Date "2022.11.09"]
[WhiteClock "0:00:11"]
[BlackClock "0:00:05"]

1. d4 Nf6 2. c4 e6 3. Nc3 d5 4. Nf3 Be7 5. Bg5 Nbd7 6. e3 O-O 7. Rc1 Ne4 8. Bxe7 Qxe7 9. cxd5 Nxc3 10. Rxc3 exd5 11. Rxc7 Qd6 12. Rc1 Nf6 13. Bd3 Bg4 14. O-O Ne4 15. Be2 Bf5 16. Ne5 f6 17. Nd3 b6 18. Bg4 Bg6 19. Nf4 Bf7 20. Qc2 Qb4 21. a3 Qb5 22. Be2 Qd7 23. Qc7 Qf5 24. Qb7 Rfb8 25. Qa6 Rc8 26. Qa4 Nd2 27. Rfd1 Nc4 28. Bxc4 dxc4 29. Qc2 Qa5 30. e4 Be8 31. Qe2 Ba4 32. Re1 Bb5 33. Rc3 Ba6 34. e5 fxe5 35. dxe5 Rf8 36. Qg4 Rae8 37. h3 Rxe5 38. Rxe5 Qxe5 39. Ne6 Rf7 40. Ng5 Qe1+ 41. Kh2 Qe5+ 42. Rg3 Rxf2 43. Ne6 Rf7 44. Ng5 Rf8 45. Nf3 Qf6 46. Ng5 Bc8 47. Qh4 Bf5 48. Qh5 Kh8 49. Qe2 h6 50. Nf3 Bg6 51. Qe5 Bd3 52. Qxf6 Rxf6 53. Ne5 Rd6 54. Rf3 Kg8 55. Rf4 Rd5 56. Nxc4 Bxc4 57. Rxc4 Rb5 58. Rc8+ Kh7 59. b4 a5 60. bxa5 Rxa5 61. Rb8 b5 62. Rb6 Rxa3 63. Rxb5 Ra4 64. Rb7 Rc4 65. Ra7 Rc6 66. Rb7 Rf6 67. Ra7 Kg6 68. Rb7 Rf7 69. Rb6+ Kg5 70. Rb5+ Rf5 71. Rb7 g6 72. Rb6 h5 73. Ra6 Kh6 74. Rb6 h4 75. Ra6 Kh5 76. Rb6 g5 77. Rb8 Rf6 78. Rh8+ Rh6 79. Rd8 Rg6 80. Rd5 Kh6 81. Re5 g4 82. hxg4 Rxg4 83. Re6+ Kh5 84. Re5+ Rg5 85. Re8 Kg4 86. Re4+ Kh5 87. Re8 Kg4 88. Re4+ Kh5 89. Re8 1/2-1/2


[Site "https://www.chess.com"]

[Event "Titled Tuesday Blitz November 08 Early 2022"]
[White "Goncalves, Davi Sulzbacher"]
[Black "Onslow, Alfie"]
[WhiteFideId "2154510"]
[BlackFideId "436976"]
[WhiteElo "2182"]
[BlackElo "2015"]
[Result "1-0"]
[Round "03"]
[TimeControl "180+1"]
[Date "2022.11.09"]
[WhiteClock "0:00:56"]
[BlackClock "0:00:08"]

1. Nf3 c5 2. g3 Nc6 3. Bg2 e5 4. O-O Nf6 5. d3 d5 6. c4 Be7 7. cxd5 Nxd5 8. Nc3 Be6 9. Bd2 O-O 10. Ne1 Nxc3 11. Bxc3 Bd5 12. Nf3 f6 13. a3 Rc8 14. Rc1 b5 15. a4 b4 16. Bd2 Nd4 17. Nxd4 Bxg2 18. Ne6 Qd5 19. Nxf8 Bxf1 20. Qxf1 Rxf8 21. Rc4 a5 22. Qg2 Rd8 23. Qxd5+ Rxd5 24. Kg2 Kf7 25. Be3 Ke6 26. f4 exf4 27. gxf4 f5 28. Kf3 Kd6 29. Bf2 Bf6 30. b3 h6 31. h3 g5 32. Bg3 Kc6 33. Rc1 Bc3 34. Rd1 Rd8 35. Bf2 Re8 36. Rg1 Bf6 37. Rc1 Bc3 38. e4 fxe4+ 39. dxe4 gxf4 40. Rg1 Re6 41. Rg8 Bd2 42. Rc8+ Kd6 43. Rxc5 Be3 44. Rd5+ Kc6 45. Bxe3 fxe3 46. Kxe3 Rg6 47. Rxa5 Rg3+ 48. Kd4 Rxb3 49. Ra6+ Kb7 50. Rxh6 Ra3 51. Kc4 Rxa4 52. Kb5 b3 53. Rb6+ Kc7 54. Kxa4 Kxb6 55. Kxb3 Kc5 56. Kc3 Kd6 57. Kd4 Ke6 58. h4 Kf6 59. Kd5 Kg6 60. Kd6 Kh5 61. e5 Kxh4 62. e6 Kg5 63. e7 Kg6 64. e8=Q+ Kf5 65. Qe5+ 1-0


[Site "https://www.chess.com"]

[Event "Titled Tuesday Blitz November 08 Early 2022"]
[White "Grot, Blazej"]
[Black "Vargas, Mauricio"]
[WhiteFideId "21835845"]
[BlackFideId "4404572"]
[WhiteElo "1822"]
[BlackElo "2025"]
[Result "1-0"]
[Round "03"]
[TimeControl "180+1"]
[Date "2022.11.09"]
[WhiteClock "0:02:00"]
[BlackClock "0:00:39"]

1. e4 d5 2. exd5 Qxd5 3. Nc3 Qa5 4. d3 c6 5. Bd2 Qc7 6. g3 Nf6 7. Bg2 e5 8. Nf3 Bd6 9. O-O O-O 10. Re1 Re8 11. Bg5 Bg4 12. Bxf6 gxf6 13. h3 Bh5 14. Ne4 Be7 15. Qd2 Nd7 16. Nh4 Bg6 17. Nxg6 hxg6 18. h4 Kg7 19. Rad1 Rh8 20. Nc3 Rad8 21. a4 Bc5 22. Qe2 a6 23. Ne4 Ba7 24. c3 f5 25. Ng5 Rde8 26. Qf3 f6 27. Nh3 Bb8 28. Kh1 e4 29. dxe4 Rxh4 30. exf5 Reh8 31. Re7+ Kf8 32. Rdxd7 Rxh3+ 33. Bxh3 Rxh3+ 34. Kg2 1-0


[Site "https://www.chess.com"]

[Event "Titled Tuesday Blitz November 08 Early 2022"]
[White "Gu, Xiaobing"]
[Black "Adnan, Habib"]
[WhiteFideId "8602611"]
[BlackFideId "11202270"]
[WhiteElo "2174"]
[BlackElo "2110"]
[Result "0-1"]
[Round "03"]
[TimeControl "180+1"]
[Date "2022.11.09"]
[WhiteClock "0:00:01"]
[BlackClock "0:00:12"]

1. e4 c5 2. Nf3 Nc6 3. Bb5 g6 4. Bxc6 bxc6 5. O-O Bg7 6. Re1 e5 7. c3 Ne7 8. d4 cxd4 9. cxd4 exd4 10. Nxd4 O-O 11. Nc3 Bb7 12. e5 d6 13. exd6 Qxd6 14. Be3 Nd5 15. Ne4 Qb4 16. a3 Nxe3 17. axb4 Nxd1 18. Raxd1 Rfe8 19. Nb3 Ba6 20. Nbc5 Bb5 21. b3 Rad8 22. Ra1 f5 23. Ng5 Bxa1 24. Rxa1 Re7 25. Nge6 Rd6 26. Nf4 Kf7 27. h4 Rd4 28. Nh3 Rxh4 29. f4 h6 30. Kf2 Rg4 31. Kf3 Be2+ 32. Kf2 Bb5 33. Kf3 g5 34. g3 Rc7 35. Nf2 Re7 36. Nxg4 Be2+ 37. Kf2 Bxg4 38. Nd3 Re2+ 39. Kf1 Re3 40. Ne5+ Ke6 41. Rxa7 Rxb3 42. Ra6 Kd5 43. Ra5+ Ke4 44. Rc5 Rxg3 45. Rc4+ Kd5 46. Rc5+ Kd4 47. Rxc6 gxf4 48. Nxg4 fxg4 49. b5 f3 50. b6 Rg2 51. b7 Rb2 52. Rd6+ Ke3 53. Re6+ Kf4 54. Rxh6 Kg3 55. Ke1 Rxb7 0-1


[Site "https://www.chess.com"]

[Event "Titled Tuesday Blitz November 08 Early 2022"]
[White "Guliev, Logman"]
[Black "Weetik, Vjacheslav"]
[WhiteFideId "13400061"]
[BlackFideId "4153472"]
[WhiteElo "2161"]
[BlackElo "2469"]
[Result "0-1"]
[Round "03"]
[TimeControl "180+1"]
[Date "2022.11.09"]
[WhiteClock "0:00:03"]
[BlackClock "0:00:14"]

1. d4 Nf6 2. Bg5 d5 3. Bxf6 gxf6 4. Nf3 c5 5. e3 Nc6 6. c3 e5 7. Nbd2 Qb6 8. Qc2 cxd4 9. exd4 Be6 10. Nb3 O-O-O 11. a4 Kb8 12. a5 Qc7 13. a6 b6 14. Bb5 Bd6 15. Nh4 Rhg8 16. g3 e4 17. Ng2 f5 18. O-O-O Ne7 19. Kb1 Ng6 20. h4 f4 21. h5 f3 22. Ne3 Ne7 23. Rc1 f5 24. c4 f4 25. c5 fxe3 26. cxd6 Qxc2+ 27. Rxc2 Rxd6 28. fxe3 Nf5 29. Rc3 Nxg3 30. Rhc1 f2 31. Nd2 Rc8 32. Rxc8+ Bxc8 33. Nf1 Nxf1 34. Rxf1 Rf6 35. Rh1 Rf3 36. Bf1 Rxe3 37. Ka2 Re1 38. h6 e3 0-1


[Site "https://www.chess.com"]

[Event "Titled Tuesday Blitz November 08 Early 2022"]
[White "Hajiyev, Kanan"]
[Black "Kosteniuk, Alexandra"]
[WhiteFideId "13404148"]
[BlackFideId "4128125"]
[WhiteElo "2118"]
[BlackElo "2469"]
[Result "1/2-1/2"]
[Round "03"]
[TimeControl "180+1"]
[Date "2022.11.09"]
[WhiteClock "0:00:20"]
[BlackClock "0:01:16"]

1. d4 f5 2. Nf3 Nf6 3. b3 g6 4. Bb2 Bg7 5. Nbd2 d5 6. g3 c6 7. Bg2 Nbd7 8. O-O Ne4 9. Ne5 Nxe5 10. dxe5 Qb6 11. e3 Nxd2 12. Qxd2 Be6 13. Bc3 Qc7 14. f4 h6 15. b4 O-O 16. a4 b6 17. Bb2 Rfd8 18. a5 c5 19. axb6 Qxb6 20. Ba3 c4 21. Qd4 Bf7 22. Qxb6 axb6 23. Bb2 e6 24. Bd4 b5 25. c3 Bf8 26. Kf2 Be8 27. Ke2 Kf7 28. Kd2 Be7 29. Bf3 Ra4 30. Kc2 Rda8 31. Kb2 Kg7 32. Rfb1 g5 33. Bd1 Rxa1 34. Rxa1 Rxa1 35. Kxa1 h5 36. Kb2 h4 37. Kc2 g4 38. Kd2 h3 39. Ke2 Bc6 40. Kf2 Kf7 41. Be2 Bf8 1/2-1/2


[Site "https://www.chess.com"]

[Event "Titled Tuesday Blitz November 08 Early 2022"]
[White "Harsh Suresh"]
[Black "Saucey, Michel"]
[WhiteFideId "45018464"]
[BlackFideId "601845"]
[WhiteElo "2227"]
[BlackElo "2253"]
[Result "1-0"]
[Round "03"]
[TimeControl "180+1"]
[Date "2022.11.09"]
[WhiteClock "0:00:16"]
[BlackClock "0:00:01"]

1. e4 c5 2. Nc3 Nc6 3. Bb5 Nd4 4. Bc4 Nf6 5. Nf3 e6 6. O-O a6 7. e5 d5 8. exf6 dxc4 9. fxg7 Bxg7 10. d3 cxd3 11. cxd3 O-O 12. Be3 b6 13. Bxd4 cxd4 14. Ne4 f5 15. Ned2 Bb7 16. Re1 Bd5 17. Rc1 b5 18. Nb3 Qb6 19. Nc5 Rad8 20. b4 h6 21. a3 a5 22. Ne5 axb4 23. Ned7 Qd6 24. Nxf8 Rxf8 25. axb4 e5 26. Ra1 Qg6 27. g3 e4 28. Ra6 Qf7 29. Rd6 Re8 30. Rd7 Re7 31. Rxe7 Qxe7 32. Qh5 e3 33. Qxf5 Bf7 34. Ne4 Be6 35. Qc5 Qf7 36. fxe3 1-0


[Site "https://www.chess.com"]

[Event "Titled Tuesday Blitz November 08 Early 2022"]
[White "Harsha Bharathakoti"]
[Black "Tarigan, Gilbert Elroy"]
[WhiteFideId "5078776"]
[BlackFideId "7108133"]
[WhiteElo "2523"]
[BlackElo "2284"]
[Result "1-0"]
[Round "03"]
[TimeControl "180+1"]
[Date "2022.11.08"]
[WhiteClock "0:00:52"]
[BlackClock "0:00:01"]

1. c4 Nf6 2. Nc3 c6 3. d4 d5 4. cxd5 cxd5 5. Bf4 a6 6. e3 Nc6 7. Be2 e6 8. Rc1 Bd6 9. Bxd6 Qxd6 10. f4 O-O 11. Nf3 Bd7 12. O-O Ne7 13. Ne5 Rfc8 14. Bd3 Qb6 15. g4 Qxb2 16. g5 Ne4 17. Nxe4 dxe4 18. Bxe4 Rxc1 19. Qxc1 Qxc1 20. Rxc1 Rc8 21. Rb1 Bb5 22. a4 Bxa4 23. Rxb7 Nd5 24. Bxd5 exd5 25. Rxf7 Ra8 26. f5 Be8 27. Re7 Kf8 28. f6 gxf6 29. gxf6 a5 30. Rxh7 Kg8 31. f7+ Bxf7 32. Rxf7 a4 33. Rf2 a3 34. Ra2 Kg7 35. Kf2 Kf6 36. Ke2 Kf5 37. Kd3 Ra6 38. h4 Rh6 39. Rxa3 Ra6 40. Rc3 Ra1 41. h5 Rd1+ 42. Ke2 Rh1 43. Kd3 Rd1+ 44. Kc2 Rh1 45. Nd3 Rxh5 46. Nf4 Rh1 47. Kd3 Rd1+ 48. Ke2 Ra1 49. Nxd5 Ke4 50. Nf6+ Kf5 51. Nd7 Ke4 52. Nc5+ Kd5 53. Kd3 Rd1+ 54. Kc2 Ra1 55. Rb3 Kc4 56. Rc3+ Kd5 57. Kb2 Rh1 58. Kb3 Rb1+ 59. Ka4 Ra1+ 60. Kb5 Rb1+ 61. Rb3 Ra1 62. Rb4 Ra8 63. e4+ Kd6 64. Kc4 Ra1 65. e5+ Kc6 66. d5+ Kc7 67. Rb7+ Kc8 68. d6 Rd1 69. Rc7+ Kb8 70. Kb5 Rb1+ 71. Kc6 Ka8 72. d7 1-0


[Site "https://www.chess.com"]

[Event "Titled Tuesday Blitz November 08 Early 2022"]
[White "Harshavardhan G B"]
[Black "Saravana, Krishnan P."]
[WhiteFideId "25059009"]
[BlackFideId "5018382"]
[WhiteElo "2333"]
[BlackElo "2155"]
[Result "1-0"]
[Round "03"]
[TimeControl "180+1"]
[Date "2022.11.09"]
[WhiteClock "0:00:10"]
[BlackClock "0:00:25"]

1. e4 c6 2. Nc3 d5 3. Nf3 Bg4 4. h3 Bxf3 5. Qxf3 e6 6. d4 dxe4 7. Qxe4 Nf6 8. Qd3 Nbd7 9. Be2 Bd6 10. O-O O-O 11. Be3 Rc8 12. Rad1 Qa5 13. a3 Rfd8 14. Qd2 Qc7 15. f4 a6 16. f5 e5 17. dxe5 Bxe5 18. Qe1 Re8 19. Qf2 Bg3 20. Qf3 Bh2+ 21. Kh1 Ne5 22. Qf2 Ned7 23. g4 Be5 24. Bd3 h6 25. Rg1 Bxc3 26. bxc3 Nd5 27. Bd2 f6 28. c4 Ne7 29. h4 Ne5 30. Bf4 Kf7 31. Qg3 Qa5 32. Rg2 Rcd8 33. g5 Nxf5 34. Bxf5 Rxd1+ 35. Kh2 Qe1 36. Qxe1 Nf3+ 37. Kg3 Nxe1 38. Rf2 hxg5 39. hxg5 Rd4 40. g6+ Kg8 41. c3 Rxc4 42. Rd2 Rc5 43. Be6+ Kf8 44. Bd6+ Re7 45. Bxc5 Ke8 46. Bf7+ Rxf7 47. Re2+ 1-0


[Site "https://www.chess.com"]

[Event "Titled Tuesday Blitz November 08 Early 2022"]
[White "Hasangatin, Ramil"]
[Black "Devaev, Alexander"]
[WhiteFideId "4122160"]
[BlackFideId "4169395"]
[WhiteElo "2362"]
[BlackElo "2225"]
[Result "0-1"]
[Round "03"]
[TimeControl "180+1"]
[Date "2022.11.09"]
[WhiteClock "0:00:03"]
[BlackClock "0:00:13"]

1. e4 c6 2. Nf3 d5 3. d3 Bg4 4. h3 Bxf3 5. Qxf3 e6 6. g3 Nd7 7. Bg2 g6 8. O-O Bg7 9. exd5 cxd5 10. c4 Ngf6 11. Nc3 Nb6 12. Bg5 O-O 13. c5 Nc8 14. d4 h6 15. Bf4 Ne7 16. Rfd1 Nc6 17. Rab1 a5 18. Nb5 Ne4 19. Be3 Qf6 20. Qe2 h5 21. g4 hxg4 22. hxg4 Rad8 23. f3 Ng5 24. Rf1 e5 25. dxe5 Qxe5 26. f4 Qe7 27. Qd3 Ne4 28. f5 Nxc5 29. Qd2 Ne4 30. Qd3 Nb4 31. Qb3 Nc5 32. Bxc5 Qxc5+ 33. Rf2 Qxb5 34. Rd1 Qc5 35. a3 Nc6 36. f6 Bh6 37. Rd3 d4 38. Rff3 Be3+ 39. Kh2 Qg5 40. Rh3 Ne5 41. Kh1 Nxg4 42. Rd1 Nf2+ 43. Kh2 Nxh3 44. Kxh3 Qxf6 45. Rf1 Qe6+ 0-1


[Site "https://www.chess.com"]

[Event "Titled Tuesday Blitz November 08 Early 2022"]
[White "Hon, Eric"]
[Black "Rosenberg, Evan S"]
[WhiteFideId "2097117"]
[BlackFideId "2019299"]
[WhiteElo "1918"]
[BlackElo "2372"]
[Result "0-1"]
[Round "03"]
[TimeControl "180+1"]
[Date "2022.11.09"]
[WhiteClock "0:00:10"]
[BlackClock "0:00:14"]

1. e4 e5 2. Nf3 Nc6 3. Bc4 Bc5 4. c3 Nf6 5. d3 h6 6. Bb3 d6 7. h3 a5 8. Nbd2 O-O 9. Nf1 Be6 10. g4 Qb8 11. Ng3 Qa7 12. Qe2 a4 13. Bc2 d5 14. g5 hxg5 15. Bxg5 Nh7 16. Nf5 Bxf5 17. exf5 e4 18. dxe4 dxe4 19. Bxe4 Rfe8 20. O-O-O a3 21. b3 Bxf2 22. Rh2 Nxg5 23. Nxg5 Be3+ 24. Kb1 Bxg5 25. Qg4 Bf6 26. Rg2 Qe3 27. Bxc6 bxc6 28. Rg3 Qe4+ 29. Qxe4 Rxe4 30. Rd7 Rd8 31. Rxd8+ Bxd8 32. Kc2 Bf6 33. Kd3 Rf4 34. Ke3 Rxf5 35. Rg4 Bxc3 36. Ke4 Rf2 37. Rg3 Bf6 38. b4 Rxa2 0-1


[Site "https://www.chess.com"]

[Event "Titled Tuesday Blitz November 08 Early 2022"]
[White "Horobetz, Graham"]
[Black "Szente Varga, Fruzsina"]
[WhiteFideId "2047322"]
[BlackFideId "712264"]
[WhiteElo "2596"]
[BlackElo "1994"]
[Result "1-0"]
[Round "03"]
[TimeControl "180+1"]
[Date "2022.11.09"]
[WhiteClock "0:00:06"]
[BlackClock "0:00:05"]

1. e4 e5 2. Nf3 Nc6 3. Bb5 a6 4. Ba4 Nf6 5. O-O Be7 6. Re1 b5 7. Bb3 O-O 8. c3 d5 9. exd5 Nxd5 10. Nxe5 Nxe5 11. Rxe5 c6 12. d4 Bd6 13. Re1 Qh4 14. g3 Qh3 15. Qf3 Bg4 16. Qg2 Qh5 17. Be3 Bf3 18. Qf1 f5 19. Nd2 Bg4 20. Bxd5+ cxd5 21. f4 Rae8 22. Qf2 Re6 23. Nb3 Rfe8 24. Nc1 g5 25. Nd3 h6 26. Ne5 Kh7 27. Bd2 Bxe5 28. Rxe5 Rxe5 29. dxe5 Bf3 30. a4 Be4 31. axb5 axb5 32. Be3 Kg8 33. Bd4 Qg4 34. Qf1 Rb8 35. e6 Qh5 36. Ra7 Re8 37. Rg7+ Kf8 38. Rf7+ Kg8 39. Rf6 Qg4 40. Rg6+ Kf8 41. Bc5+ Re7 42. Rf6+ Ke8 43. Qxb5+ Kd8 44. Rf8+ Kc7 45. Qb6# 1-0


[Site "https://www.chess.com"]

[Event "Titled Tuesday Blitz November 08 Early 2022"]
[White "Howell, David W L"]
[Black "Mohamed, Saeed Laily"]
[WhiteFideId "410608"]
[BlackFideId "9314946"]
[WhiteElo "2567"]
[BlackElo "1874"]
[Result "1-0"]
[Round "03"]
[TimeControl "180+1"]
[Date "2022.11.09"]
[WhiteClock "0:00:20"]
[BlackClock "0:00:03"]

1. f4 d5 2. Nf3 Nf6 3. g3 g6 4. Bg2 Bg7 5. O-O c5 6. d3 Nc6 7. c3 Kf8 8. Na3 h5 9. Qe1 Bh6 10. e4 dxe4 11. dxe4 Kg7 12. Nc4 b6 13. e5 Nd5 14. Qe2 Ba6 15. Rd1 e6 16. Nfd2 Qe7 17. Qf2 h4 18. Nd6 hxg3 19. hxg3 Nxe5 20. fxe5 Be3 21. N2e4 Bxf2+ 22. Kxf2 Rh5 23. c4 Rxe5 24. b3 Rf5+ 25. Nxf5+ exf5 26. Bb2+ f6 27. Rxd5 fxe4 28. Rad1 Bc8 29. Ke3 Be6 30. R5d2 Qc7 31. Rd6 Re8 32. g4 Bxg4 33. Bxf6+ Kf7 34. R1d2 Bf5 35. Bh4 1-0


[Site "https://www.chess.com"]

[Event "Titled Tuesday Blitz November 08 Early 2022"]
[White "Iliaguev, Nisim"]
[Black "Ilkhomi, Jaloliddin"]
[WhiteFideId "2817276"]
[BlackFideId "14700948"]
[WhiteElo "2244"]
[BlackElo "2045"]
[Result "1-0"]
[Round "03"]
[TimeControl "180+1"]
[Date "2022.11.09"]
[WhiteClock "0:01:41"]
[BlackClock "0:00:08"]

1. d4 Nf6 2. g3 e6 3. Bg2 d5 4. Nf3 Be7 5. O-O O-O 6. c4 b6 7. Ne5 Bb7 8. Nc3 Nbd7 9. Qa4 Nxe5 10. dxe5 Nd7 11. cxd5 exd5 12. Nxd5 Nc5 13. Qd1 Rb8 14. Be3 Ne6 15. Rc1 Bc5 16. Bxc5 Nxc5 17. b4 Ne6 18. Nxc7 Bxg2 19. Qxd8 Rfxd8 20. Kxg2 Nd4 21. e3 Ne6 22. Nxe6 fxe6 23. Rfd1 a5 24. b5 Kf8 25. Rxd8+ Rxd8 26. Rc6 Rd5 27. Rxb6 Rxe5 28. Kf3 Rf5+ 29. Ke2 Kf7 30. f4 Rc5 31. Kd3 Rc1 32. Ra6 Rh1 33. Rxa5 Rxh2 34. a4 Ra2 35. b6 Kf6 36. b7 Rd2+ 37. Kxd2 1-0


[Site "https://www.chess.com"]

[Event "Titled Tuesday Blitz November 08 Early 2022"]
[White "Janaszak, Dawid"]
[Black "Winkels, Marcel"]
[WhiteFideId "1119206"]
[BlackFideId "1003887"]
[WhiteElo "2226"]
[BlackElo "1900"]
[Result "1-0"]
[Round "03"]
[TimeControl "180+1"]
[Date "2022.11.09"]
[WhiteClock "0:01:14"]
[BlackClock "0:00:09"]

1. e4 c5 2. Nc3 e6 3. f4 Nc6 4. Bb5 Qc7 5. Nf3 a6 6. Bxc6 Qxc6 7. d4 cxd4 8. Nxd4 Qc7 9. O-O Bc5 10. Kh1 Ne7 11. f5 f6 12. Qh5+ Kf8 13. Nce2 e5 14. Ne6+ dxe6 15. fxe6 Nc6 16. Bh6 Bxe6 17. Rxf6+ Kg8 18. Rxe6 gxh6 19. Ng3 Qf7 20. Qg4+ Qg7 21. Qh3 Rf8 22. Nf5 Qg5 23. Qb3 Rf7 24. Nxh6+ Kg7 25. Nxf7 Kxf7 26. Rxe5+ Kf6 27. Rf1+ Kg6 28. Qf7+ 1-0


[Site "https://www.chess.com"]

[Event "Titled Tuesday Blitz November 08 Early 2022"]
[White "Jarocka, Liwia"]
[Black "Fernandez Hernandez, Gerardo"]
[WhiteFideId "21807558"]
[BlackFideId "2207400"]
[WhiteElo "1989"]
[BlackElo "2238"]
[Result "1-0"]
[Round "03"]
[TimeControl "180+1"]
[Date "2022.11.09"]
[WhiteClock "0:00:51"]
[BlackClock "0:00:01"]

1. c4 e5 2. g3 d6 3. Bg2 g6 4. Nc3 Bg7 5. e3 f5 6. Nge2 Nf6 7. d4 e4 8. O-O c6 9. d5 c5 10. b3 O-O 11. Bb2 Nbd7 12. Nf4 Ne5 13. h4 Qe7 14. Qd2 Bd7 15. a4 a6 16. a5 h6 17. Na4 Kh7 18. h5 gxh5 19. Nb6 Rae8 20. Nxd7 Qxd7 21. Ne6 Rxe6 22. dxe6 Qxe6 23. Rad1 Nd3 24. f4 Ng4 25. Bxg7 Kxg7 26. Bh3 Qg6 27. Qe2 Kf7 28. Bxg4 Qxg4 29. Qxg4 hxg4 30. Kg2 Kg6 31. Rd2 h5 32. Rh1 Rh8 33. Kf1 Kf6 34. Ke2 Kg6 35. Rc2 Nb4 36. Rcc1 Nd3 37. Rcg1 Kf6 38. Kd2 Kg6 39. Kc3 Nf2 40. Rh2 Nd3 41. Rgh1 Rh7 42. Rh4 Rh8 43. Rd1 Rh7 44. Rxd3 exd3 45. Kxd3 Re7 46. Rh2 Rd7 47. e4 fxe4+ 48. Kxe4 Re7+ 49. Kd5 Re3 50. Rg2 Rd3+ 51. Ke6 1-0


[Site "https://www.chess.com"]

[Event "Titled Tuesday Blitz November 08 Early 2022"]
[White "Jean Louis, Marckens"]
[Black "Goryachkina, Aleksandra"]
[WhiteFideId "11900270"]
[BlackFideId "4147103"]
[WhiteElo "2030"]
[BlackElo "2484"]
[Result "1-0"]
[Round "03"]
[TimeControl "180+1"]
[Date "2022.11.09"]
[WhiteClock "0:01:28"]
[BlackClock "0:00:01"]

1. d4 Nf6 2. Nf3 e6 3. g3 c5 4. Bg2 Nc6 5. O-O cxd4 6. Nxd4 Bc5 7. Nb3 Be7 8. c4 O-O 9. Nc3 b6 10. Bf4 Bb7 11. Bd6 Rc8 12. Rc1 Ne8 13. Ne4 f5 14. Bxe7 Nxe7 15. Nd6 Nxd6 16. Qxd6 Bxg2 17. Kxg2 Rc6 18. Qd4 Qa8 19. Kg1 Rd8 20. Rfd1 Ng6 21. c5 f4 22. cxb6 Rxc1 23. Nxc1 axb6 24. a3 Qb7 25. Nd3 fxg3 26. hxg3 Rf8 27. Ne5 Nxe5 28. Qxe5 Qc6 29. Qd6 Qc2 30. Qd2 Qf5 31. Qe3 Qb5 32. b4 Rc8 33. Rd6 Rc2 34. Rxb6 Qxe2 35. Qxe2 Rxe2 36. a4 d5 37. a5 d4 38. a6 Ra2 39. Rd6 d3 40. b5 d2 41. Kg2 Kf7 42. Rxd2 Rxd2 43. a7 Ra2 44. b6 1-0


[Site "https://www.chess.com"]

[Event "Titled Tuesday Blitz November 08 Early 2022"]
[White "Jeet, Jain"]
[Black "Roque Sola, Gisela"]
[WhiteFideId "5073022"]
[BlackFideId "5120241"]
[WhiteElo "2067"]
[BlackElo "1961"]
[Result "1-0"]
[Round "03"]
[TimeControl "180+1"]
[Date "2022.11.09"]
[WhiteClock "0:00:51"]
[BlackClock "0:00:49"]

1. Nf3 Nf6 2. b3 e6 3. Bb2 c5 4. e3 Nc6 5. d4 d5 6. Bd3 Be7 7. O-O O-O 8. a3 a6 9. Re1 b5 10. c4 bxc4 11. bxc4 cxd4 12. Nxd4 Nxd4 13. Bxd4 dxc4 14. Bxc4 Bb7 15. Nd2 Bd5 16. Bd3 Bb7 17. Qe2 Qd5 18. Nf3 Qh5 19. Rab1 Bxf3 20. Qxf3 Qxf3 21. gxf3 Bxa3 22. Ra1 Bb4 23. Reb1 a5 24. f4 Rab8 25. Kg2 Rfd8 26. Kf3 Nd5 27. Rg1 g6 28. h4 Kf8 29. h5 Ne7 30. hxg6 hxg6 31. Rh1 Ke8 32. Rh8+ Kd7 33. Rh7 Rf8 34. Bg7 Rg8 35. Be5 Rbf8 36. Bb5+ Nc6 37. Rc1 Rc8 38. Rxf7+ Ke8 39. Rc7 Rxc7 40. Bxc7 Kd7 41. Rxc6 Rc8 42. Rc4+ Ke7 43. Bd6+ Kd8 44. Rxc8+ Kxc8 45. Bxb4 axb4 46. Bd3 1-0


[Site "https://www.chess.com"]